 Dungeon Crawl Stone Soup version 0.16.0-18-g484a79e (webtiles) character file.

125 TZer0 the Cutter (level 5, 0/26 HPs)
             Began as a Vine Stalker Skald on Mar 22, 2015.
             Slain by a gnoll
             ... wielding a +0 flail
              (5 damage)
             ... on level 2 of the Dungeon.
             The game lasted 00:03:30 (1413 turns).

TZer0 the Cutter (Vine Stalker Skald)               Turns: 1413, Time: 00:03:30

Health: 0/26       AC:  3    Str: 14    XL:     5   Next: 9%
Magic:  0/11       EV: 11    Int: 12    God:
Gold:   133        SH:  0    Dex: 15    Spells: 3 memorised, 3 levels left

rFire  + . .     SeeInvis .     a - +0 short sword
rCold  . . .     Clarity  .     b - +0 leather armour
rNeg   . . .     SustAb   .     (no shield)
rPois  .         Gourm    .     (no helmet)
rElec  .         Spirit   +     (no cloak)
rCorr  .         Warding  .     (no gloves)
rMut   .         Stasis   .     (no boots)
MR     .....                    (no amulet)
Stlth  +.........               n - ring of wizardry
                                e - ring of protection from fire

@: singing, very slightly contaminated, not resistant to hostile enchantments,
very unstealthy
A: fangs 2, regeneration 1, magic shield, antimagic bite, no device heal 3, rot
immunity
a: Stop Singing


You were on level 2 of the Dungeon.
You were hungry.

You visited 1 branch of the dungeon, and saw 2 of its levels.

You collected 133 gold pieces.


Innate Abilities, Weirdness & Mutations

You have extremely sharp teeth.
Your natural rate of healing is unusually fast.
When hurt, damage is shared between your health and your magic reserves.
Your bite disrupts and absorbs the magic of your enemies.
Potions and wands cannot restore your health.
You are immune to rotting.


   Skills:
 - Level 1.7 Fighting
 * Level 4.0 Short Blades
 - Level 0.7 Armour
 - Level 0.7 Dodging
 + Level 2.3 Spellcasting
 + Level 3.7 Charms


You had 3 spell levels left.
You knew the following spells:

 Your Spells              Type           Power        Failure   Level  Hunger
a - Infusion              Chrm           ##....       4%          1    ##.....
b - Song of Slaying       Chrm           ##......     6%          2    ###....
c - Shroud of Golubria    Chrm/Tloc      #.........   12%         2    ###....


Dungeon Overview and Level Annotations

Branches:
Dungeon (2/15)

Altars:
Nemelex Xobeh

Inventory:

Hand weapons
 a - a +0 short sword (weapon)
 i - a +0 short sword
   (You found it on level 1 of the Dungeon)
Armour
 b - a +0 leather armour (worn)
Jewellery
 e - a ring of protection from fire (left hand)
   (You found it on level 1 of the Dungeon)
 n - a ring of wizardry (right hand)
   (You found it on level 2 of the Dungeon)
Scrolls
 f - a scroll of enchant weapon {unknown}
 h - 3 scrolls of identify {unknown}
 k - a scroll of fog {unknown}
Potions
 j - a potion of brilliance {unknown}
 l - 2 potions of curing {unknown}
 o - a potion of poison {unknown}
 r - 2 potions of heal wounds {unknown}
Books
 c - a book of Battle

   Spells                             Type                      Level
   a - Infusion                       Charms                       1
   b - Shroud of Golubria             Charms/Translocation         2
   c - Song of Slaying                Charms                       2
   d - Spectral Weapon                Hexes/Charms                 3
   e - Regeneration                   Charms/Necromancy            3
Comestibles
 d - 3 bread rations {!e}
 g - a meat ration {!e}
 m - a beef jerky
 p - 5 fruits

#.# ##+## #.# ##...##
#.#### ##.....##
#.##.## ##.......##
#.#...####.........##
#........'.........'.
#.#...####.........##
###.##.## ##.[.....##
#(..(.@g# ##.....##
#.#(#.#.# ##...##
#...##..# ##+##
##.#.###.## #.#
#..#..##..# #.#
##.##.##.## ##.##
#..#.#.(#######...##
#.......(...##.....##
####.....(....#.....##


You could see a gnoll.


Message History

The bat closely misses you. The bat hits you.
* * * LOW HITPOINT WARNING * * *
The bat barely misses you. The bat misses you.
The bat hits you but does no damage. The bat hits you but does no damage.
Casting: Song of Slaying You start singing a song of slaying.
The bat hits you but does no damage.
You hit the gnoll.
The gnoll is moderately wounded.
The gnoll hits you with a spear.
* * * LOW HITPOINT WARNING * * *
You hit the gnoll.
The gnoll is severely wounded.
The gnoll hits you with a spear.
* * * LOW HITPOINT WARNING * * *
You hit the gnoll. You bite the gnoll, but do no damage.
The gnoll is almost dead.
The gnoll hits you with a spear.
* * * LOW HITPOINT WARNING * * *
You hit the gnoll.
The gnoll is almost dead.
The gnoll hits you with a spear!
* * * LOW HITPOINT WARNING * * *
You hit the gnoll but do no damage. You bite the gnoll. You drain its power.
You feel invigorated.
You kill the gnoll!
Your Short Blades skill increases to level 4!
You have reached level 5!
The bat closely misses you. The bat closely misses you.
The bat hits you but does no damage. The bat closely misses you.
You hit the bat.
The bat is moderately wounded.
The bat hits you.
The gnoll throws a stone.
The stone misses you. The bat misses you.
The gnoll throws a stone.
The stone hits you but does no damage. The bat barely misses you.
You see here a stone.
The bat closely misses you.
The gnoll throws a stone.
The stone hits you but does no damage.
You see here a stone.
The bat barely misses you.
You see here a stone.
The bat hits you but does no damage. The bat barely misses you.
You closely miss the bat. You bite the bat. You drain its power.
You feel invigorated.
You kill the bat!
Your song is almost over.
Casting: Song of Slaying You miscast Song of Slaying.
You are very lightly contaminated with residual magic.
Your hands glow momentarily.
You are feeling hungry.
Casting: Song of Slaying You start a new song!
The rat bites you but does no damage. The rat barely misses you.
You hit the rat.
You kill the rat!
The gnoll throws a stone.
The stone hits you.
* * * LOW HITPOINT WARNING * * *
The gnoll throws a stone.
The stone hits you but does no damage.
Things that are here:
a stone; a rat corpse The gnoll throws a stone.
The stone completely misses you. The gnoll hits you with a flail.
* * * LOW HITPOINT WARNING * * *
Unknown command.
You closely miss the gnoll. The gnoll hits you with a flail!
You die...

Action                   |  1- 3 |  4- 6 || total
-------------------------+-------+-------++-------
Melee: Short sword       |   127 |    63 ||   190
 Cast: Song of Slaying   |     3 |     4 ||     7
       Infusion          |     1 |       ||     1
       Shroud of Golubri |     1 |       ||     1
  Eat: Chunk             |       |     2 ||     2

Vault maps used:
D:1:      moated_graveyard_arrival
D:2:      nemelex_xobeh_ov_fountains_minmay, first_bread

Notes
Turn   | Place    | Note
--------------------------------------------------------------
     0 | D:1      | TZer0, the Vine Stalker Skald, began the quest for the Orb.
     0 | D:1      | Reached XP level 1. HP: 11/11 MP: 3/3
    28 | D:1      | Reached skill level 2 in Short Blades
   109 | D:1      | Reached XP level 2. HP: 10/15 MP: 5/5
   223 | D:1      | Learned a level 2 spell: Song of Slaying
   228 | D:1      | Learned a level 2 spell: Shroud of Golubria
   249 | D:1      | Reached skill level 3 in Short Blades
   258 | D:1      | Reached XP level 3. HP: 16/18 MP: 7/7
   846 | D:2      | Found a sparkling altar of Nemelex Xobeh.
   877 | D:2      | Reached XP level 4. HP: 23/23 MP: 6/8
   881 | D:2      | HP: 5/23 [gnoll/spear (7)]
   909 | D:2      | HP: 5/23 [gnoll/club (2)]
  1347 | D:2      | HP: 5/23 [gnoll/spear (2)]
  1388 | D:2      | HP: 1/23 [gnoll/spear (6)]
  1389 | D:2      | Reached skill level 4 in Short Blades
  1389 | D:2      | Reached XP level 5. HP: 1/26 MP: 2/11
  1409 | D:2      | HP: 6/26 [gnoll/stone (1)]
  1413 | D:2      | Slain by a gnoll

Vanquished Creatures
  4 gnolls (D:2)
  4 adders (D:2)
  An ooze (D:1)
  4 giant cockroaches
  4 goblins
  9 hobgoblins
  4 jackals
  6 kobolds (D:1)
  6 bats
  3 giant newts
  A quokka (D:2)
  3 rats
49 creatures vanquished.
